 Dungeon Crawl Stone Soup version 0.28-a0-1374-ga75cb3825e (webtiles) character file.

Game seed: 1517348342617767746

2090 dolemite99 the Spear-Bearer (level 9, -3/81 HPs)
             Began as a Minotaur Gladiator on Dec 31, 2021.
             Was an Initiate of Ashenzari.
             Killed by an exploding orc priest (25 damage)
             ... ignited by their inner flame
             ... on level 7 of the Dungeon.
             The game lasted 00:06:39 (6648 turns).

dolemite99 the Spear-Bearer (Minotaur Gladiator)    Turns: 6648, Time: 00:06:39

Health: -3/81      AC: 13    Str: 29    XL:     9   Next: 6%
Magic:  8/8        EV: 12    Int:  7    God:    Ashenzari [......]
Gold:   168        SH:  0    Dex: 12    Spells: 8/8 levels left

rFire   . . .      SeeInvis .   a - +0 trident (venom)
rCold   . . .      Faith    .   (no shield)
rNeg    . . .      Spirit   .   B - +0 plate armour
rPois   .          Reflect  .   c - +0 hat
rElec   .          Harm     .   o - scarf "At What Cost Knowledge?" {shadows, Comp, Self} (curse)
rCorr   .          Rampage  .   (no gloves)
Will    .....                   A - +0 pair of boots
Stlth   ..........              (no amulet)
HPRegen 0.23/turn               q - ring "Nakalifo" {Str+6 Int+2}
MPRegen 0.11/turn               w - +4 ring of evasion

@: flying
A: horns 2, retaliatory headbutt
a: Renounce Religion, Shatter the Chains


You were on level 7 of the Dungeon.
You worshipped Ashenzari.
Ashenzari was noncommittal.
You visited 2 branches of the dungeon, and saw 8 of its levels.

You collected 298 gold pieces.
You spent 130 gold pieces at shops.

Inventory:

Hand Weapons
 a - a +0 trident of venom (weapon)
 u - a +0 trident
 C - the +3 whip "Bovexiuv" {vorpal, rElec Str+2 Int+4}
   (You found it on level 6 of the Dungeon)

   It inflicts extra damage upon your enemies.
   Str:       It affects your strength (+2).
   Int:       It affects your intelligence (+4).
   rElec:     It insulates you from electricity.
Missiles
 d - 3 throwing nets (quivered)
 j - 126 arrows
 m - 239 stones
 n - 24 poisoned darts
 p - 59 sling bullets
Armour
 c - a +0 hat (worn)
 o - the cursed scarf "At What Cost Knowledge?" (worn) {shadows, Comp, Self}
   (You found it on level 2 of the Dungeon)

   It has a curse which improves the following skills: Companions: Summonings
   and Necromancy.
   Introspection: Fighting and Spellcasting.
 z - a +0 chain mail
 A - a +0 pair of boots (worn)
 B - a +0 plate armour (worn)
Jewellery
 q - the ring "Nakalifo" (left hand) {Str+6 Int+2}
   (You found it on level 2 of the Dungeon)

   [ring of strength]

   Str:       It affects your strength (+6).
   Int:       It affects your intelligence (+2).
 v - a ring of poison resistance
 w - a +4 ring of evasion (right hand)
 x - a ring of magical power
 y - an amulet of magic regeneration
Wands
 t - a wand of flame (32)
Scrolls
 b - a scroll of fog {unknown}
 e - 3 scrolls of silence {unknown}
 f - 4 scrolls of immolation
 g - 4 scrolls of teleportation
 h - a scroll of blinking {unknown}
 i - a scroll of holy word {unknown}
 k - 2 scrolls of enchant weapon {unknown}
 r - 3 scrolls of identify {unknown}
Potions
 s - 3 potions of flight


   Skills:
 - Level 7.4(8.0) Fighting
 - Level 12.0 Polearms
 - Level 2.0 Throwing
 + Level 4.2 Armour
 - Level 3.2 Dodging


You had 8 spell levels left.
You didn't know any spells.
Your spell library contained the following spells:

 Spells                   Type           Power      Damage    Failure   Level
 Foxfire                  Conj/Fire      0%         2x1d4     99%         1
 Confusing Touch          Hex            0%         N/A       100%        3
 Conjure Flame            Conj/Fire      0%         6-21      100%        3
 Inner Flame              Hex/Fire       0%         N/A       100%        3
 Summon Guardian Golem    Hex/Summ       0%         N/A       100%        3
 Flame Wave               Conj/Fire      0%         2d4       100%        4
 Summon Lightning Spire   Summ/Air       0%         N/A       100%        4
 Fireball                 Conj/Fire      0%         3d3       100%        5
 Iskenderun's Battlesphe  Conj           0%         2d6       100%        5
 Yara's Violent Unravell  Hex/Tmut       0%         3d3       100%        5
 Conjure Ball Lightning   Conj/Air       0%         3x3d6     100%        6
 Enfeeble                 Hex            0%         N/A       100%        7
 Orb of Destruction       Conj           0%         N/A       100%        7
 Spellforged Servitor     Conj/Summ      0%         N/A       100%        7
 Storm Form               Tmut/Air       0%         N/A       100%        7
 Maxwell's Capacitive Co  Air            0%         ∞         100%        8


Dungeon Overview and Level Annotations

Branches:
Dungeon (7/15)             Temple (1/1) D:6

Altars:
Ashenzari
Cheibriados
Elyvilon
Gozag
Makhleb
Nemelex Xobeh
Okawaru
Trog
Uskayaw
Vehumet
Xom

Shops:
D:1 !   D:3 (

Annotations:
D:1 exclusion: downstairs
D:3 3 runed translucent doors, Urgle's ghost, amateur MiBe
D:6 1 runed translucent door, Amythir's ghost, novice MiBe


Innate Abilities, Weirdness & Mutations

You have a pair of horns on your head.
You reflexively headbutt those who attack you in melee.


Message History

You are confused.
You are too confused!
Unknown command.
You feel much better. The orc priest closely misses you.
The orc closely misses you. The orc wizard casts a spell at you.
The magic dart hits you but does no damage.
It was a potion of flight.
You feel very buoyant.
You fly up into the air.
The orc priest hits you but does no damage.
The orc hits you but does no damage. The orc hits you with a +0 flail.
The orc misses you. The orc wizard closely misses you.
You are too confused!
Unknown command.
Unknown command.
The orc priest casts a cantrip, but nothing happens.
The orc closely misses you. The orc hits you with a +0 flail.
The orc hits you but does no damage. The orc wizard completely misses you.
The orc priest hits you but does no damage.
The orc misses you. The orc hits you with a +0 flail.
The orc hits you with a +0 mace of protection.
The orc wizard gestures at you while chanting.
The puff of flame hits you but does no damage.
You feel much better.
You feel less confused. The orc priest closely misses you.
The orc closely misses you. You furiously retaliate!
You headbutt the orc!
The orc explodes!
The fiery explosion engulfs the orc!
The fiery explosion engulfs the orc wizard!!
The fiery explosion engulfs the orc!!
The fiery explosion engulfs you!!
The fiery explosion engulfs the orc!!
The orc explodes!
The fiery explosion engulfs you!!!
* * * LOW HITPOINT WARNING * * *
The fiery explosion engulfs the orc priest!!
The orc priest explodes!
The fiery explosion engulfs you!!
You die...

.. .. .##.#
#.## ....#
#...#
...#..#..#..#
..###§§§###.#
...#.§§§§#..#
#...§@§§...#
......§§§...+
##....§§§...#
####.......#
#.......#
#########


There were no monsters in sight!

Vanquished Creatures
  Prince Ribbit (D:6)
  Edmund (D:5)
  A water moccasin (D:7)
  3 orc warriors
  A black bear (Temple)
  A necrophage (D:6)
  2 ogres
  A phantom (D:5)
  3 scorpions (D:4)
  3 wights (D:6)
  A howler monkey (D:6)
  A bullfrog zombie (D:5)
  A centaur zombie (D:5)
  4 orc priests
  A bullfrog skeleton (D:6)
  5 hounds
  A jelly (D:6)
  An iguana (D:5)
  3 orc wizards
  A hound skeleton (D:4)
  3 adders
  4 gnolls (D:5)
  A howler monkey skeleton (D:6)
  A shadow imp (D:6)
  2 white imps (D:6)
  2 worms
  4 dart slugs
  13 orcs
  5 endoplasms
  5 giant cockroaches
  8 goblins
  10 hobgoblins
  A quokka (D:2)
  12 ball pythons
  4 bats
  5 frilled lizards
  8 kobolds
  2 rats (D:2)
126 creatures vanquished.

Vanquished Creatures (others)
  A plant (D:1)
1 creature vanquished.

Grand Total: 127 creatures vanquished

Notes
Turn   | Place    | Note
-------+----------+-------------------------------------------
     0 | D:1      | dolemite99 the Minotaur Gladiator began the quest for the
                  | Orb.
     0 | D:1      | Reached XP level 1. HP: 18/18 MP: 0/0
    33 | D:1      | Reached skill level 4 in Polearms
    39 | D:1      | Found a faded altar of an unknown god.
    42 | D:1      | Prayed at the altar of an unknown god.
    42 | D:1      | Became a worshipper of Elyvilon the Healer
    42 | D:1      | Reached * piety under Elyvilon
    73 | D:1      | Reached XP level 2. HP: 24/25 MP: 1/1
    80 | D:1      | Found Pigil's Distillery.
   341 | D:1      | Reached skill level 5 in Polearms
   493 | D:1      | Reached XP level 3. HP: 30/30 MP: 2/2
   900 | D:2      | Reached XP level 4. HP: 37/37 MP: 3/3
   903 | D:2      | Reached skill level 6 in Polearms
   911 | D:2      | Reached ** piety under Elyvilon
  1316 | D:2      | Identified the ring "Nakalifo" {Str+6 Int+2}
  1936 | D:3      | Reached *** piety under Elyvilon
  2023 | D:3      | Found Binwan's Antique Weapon Shop.
  2285 | D:3      | Found a runed translucent gate.
  2285 | D:3      | Found a runed translucent gate.
  2285 | D:3      | Found a runed translucent gate.
  2285 | D:3      | Noticed Urgle's ghost (amateur MiBe)
  2394 | D:4      | Noticed a scorpion
  2399 | D:4      | Killed a scorpion
  2400 | D:4      | Reached skill level 7 in Polearms
  2400 | D:4      | Reached XP level 5. HP: 39/42 MP: 4/4
  2437 | D:4      | Found a sparkling altar of Nemelex Xobeh.
  2577 | D:4      | Reached skill level 8 in Polearms
  2586 | D:4      | Reached XP level 6. HP: 27/50 MP: 5/5
  3180 | D:4      | Reached skill level 9 in Polearms
  3359 | D:4      | Reached **** piety under Elyvilon
  3408 | D:5      | Entered Level 5 of the Dungeon
  3553 | D:5      | Reached XP level 7. HP: 37/56 MP: 6/6
  3624 | D:3      | Bought a glowing trident for 130 gold pieces
  3843 | D:5      | Reached skill level 10 in Polearms
  4158 | D:5      | Found a bloodstained altar of Trog.
  4717 | D:5      | Noticed Edmund
  4722 | D:5      | Killed Edmund
  4723 | D:5      | Reached skill level 11 in Polearms
  4958 | D:6      | Reached XP level 8. HP: 45/62 MP: 7/7
  5065 | D:6      | Found a runed translucent door.
  5065 | D:6      | Found a shimmering altar of Xom.
  5065 | D:6      | Noticed Amythir's ghost (novice MiBe)
  5066 | D:6      | Noticed a +0 long sword of chaos
  5091 | D:6      | Reached skill level 12 in Polearms
  5368 | D:6      | Found a staircase to the Ecumenical Temple.
  5379 | Temple   | Entered the Ecumenical Temple
  5453 | Temple   | Fell from the grace of Elyvilon
  5453 | Temple   | Became a worshipper of Ashenzari the Shackled
  5470 | D:6      | Noticed Prince Ribbit
  5487 | D:6      | Killed Prince Ribbit
  5493 | D:6      | Identified the +3 whip "Bovexiuv" {vorpal, rElec Str+2
                  | Int+4}
  6583 | D:7      | Reached XP level 9. HP: 79/79 MP: 8/8
  6648 | D:7      | Killed by an exploding orc priest... ignited by their inner
                  | flame

Illustrated notes

Levels and vault maps discovered:
D:1:      wander_arrival_chamber, layout_rooms, serial_shops, shop,
          shapermc_ecumenical_altar_mp_urbaneastern
D:2:      layout_basic
D:3:      layout_basic, ebering_ghost_rock_garden, serial_shops,
          nicolae_shop_window_shopping
D:4:      layout_rooms, nemelex_spade_bored_becter, serial_curves,
          eino_curves_04, eino_curves_03, eino_curves_03, minmay_misc_feat_alley
D:5:      layout_loops_cross, trog_hazing_becter, uniq_edmund
D:6:      layout_rooms, minmay_temple_entry_arrows, ebering_ghost_xom,
          chequers_serial_rivers_micro_c, minmay_door_square,
          nicolae_concentric_dashed_squares_wild, due_unseen_surprise,
          uniq_prince_ribbit1
D:7:      layout_basic, minmay_strange_pillars
Temple:   regret_index_temple_sphere_string

Skill      XL: |  1  2  3  4  5  6  7  8  9 |
---------------+----------------------------+-----
Polearms       | 4 5 7 8 9 11 12 | 12.0
Fighting       | 7 |  7.4
Armour         | 3 4 |  4.2
Throwing       | |  2.0
Dodging        | |  3.2

Action                   |  1- 3 |  4- 6 |  7- 9 || total
-------------------------+-------+-------+-------++-------
Melee: Trident           |    62 |   115 |   153 ||   330
       Headbutt          |     3 |    20 |    33 ||    56
Invok: Curse Item        |       |       |     1 ||     1
  Use: Potion            |       |     1 |     4 ||     5
       Scroll            |       |       |     2 ||     2
 Stab: Sleeping          |       |     2 |     1 ||     3
       Distracted        |       |       |     1 ||     1
Armor: Leather armour    |     9 |    17 |     7 ||    33
       Plate armour      |       |       |    39 ||    39
       Chain mail        |       |       |     2 ||     2
Dodge: Dodged            |    36 |    53 |   105 ||   194

Table legend: (Time is in decaauts)
 A = Elapsed time spent in this place.
 B = Non-inter-level travel time spent in this place.
 C = Inter-level travel time spent in this place.
 D = Time resting spent in this place.
 E = Time spent auto-exploring this place.
 F = Levels seen in this place.
 G = Mean time per level.
                   A        B        C        D        E       F      G
               +--------+--------+--------+--------+--------+-----+--------+
         Total |   6607 |   6167 |    440 |   1513 |   3667 |   8 |  825.9 |
       Dungeon |   6517 |   6088 |    429 |   1513 |   3615 |   7 |  931.0 |
        Temple |     89 |     78 |     11 |      0 |     52 |   1 |   89.0 |
               +--------+--------+--------+--------+--------+-----+--------+

Top non-repeatable levels by time:
     D:6: 1479 daAuts
     D:5: 1323 daAuts
     D:1: 1133 daAuts
     D:4: 1092 daAuts
     D:3: 875 daAuts
     D:2: 527 daAuts
  Temple: 89 daAuts
     D:7: 85 daAuts
